 Dungeon Crawl Stone Soup version 0.16-a0-148-g3b84123 (webtiles) character file.

224702 PolkaDot the Imperceptible (level 18, -1/107 HPs)
             Began as a Vampire Enchanter on Aug 14, 2014.
             Was the Champion of Ashenzari.
             Slain by a naga warrior
             ... wielding a +0 spear
              (6 damage)
             ... on Level 5 of the Snake Pit on Aug 17, 2014.
             The game lasted 05:39:06 (45069 turns).

PolkaDot the Imperceptible (Vampire Enchanter)     Turns: 45069, Time: 05:39:06

HP  -1/107       AC 14     Str  7      XL: 18   Next: 59%
MP  12/39        EV  2     Int 23      God: Ashenzari [******]
Gold 5           SH  0     Dex 25      Spells: 11 memorised,  0 levels left

rFire  + . .     SeeInvis +     l - +6 dagger of the Stork {pain, Dex+4}
rCold  + + .     Clarity  +     A - +2 leather armour {rF+} (curse)
rNeg   + + +     rCorr    .     w - +0 shield {reflect} (curse) {Donald}
rPois  +         rRot     +     B - +0 helmet (curse)
rElec  .         Spirit   .     S - +2 cloak (curse)
SustAb .         Warding  .     d - +2 pair of gloves (curse)
rMut   +         Stasis   .     X - +0 pair of boots of Uneva {rN+ Dex+3 SInv Stlth++}
Gourm  .                        s - cursed amulet of resist mutation
MR     +....                    n - cursed +3 ring of evasion
                                g - cursed +4 ring of intelligence

@: petrified, very slightly contaminated, bloodless, non-regenerating,
constricted, somewhat resistant to hostile enchantments, uncannily stealthy
A: bottle blood, fangs 3, see invisible, unbreathing
a: Bat Form, Bottle Blood, Scrying, Transfer Knowledge, Renounce Religion
}: 1/15 runes: decaying


You were on level 5 of the Snake Pit.
You worshipped Ashenzari.
Ashenzari was exalted by your worship.
You were bloodless.

You visited 5 branches of the dungeon, and saw 34 of its levels.
You visited 1 bazaar.
You also visited: Labyrinth, Bailey, Ice Cave and Volcano.

You collected 2536 gold pieces.
You spent 2531 gold pieces at shops.

Inventory:

Hand weapons
 l - the cursed +6 dagger of the Stork (weapon) {pain, Dex+4}
   (You bought it in a shop on level 5 of the Snake Pit)

   In the hands of one skilled in necromantic magic, it inflicts extra damage on
   living creatures.
   It affects your dexterity (+4).
   It has a curse placed upon it.
Missiles
 o - 2 throwing nets (quivered)
Armour
 d - a cursed +2 pair of gloves (worn)
 w - a cursed +0 shield of reflection (worn) {Donald}
 A - a cursed +2 leather armour of fire resistance (worn)
 B - a cursed +0 helmet (worn)
 S - a cursed +2 cloak (worn)
 X - the cursed +0 pair of boots of Uneva (worn) {rN+ Dex+3 SInv Stlth++}
   (You bought it in a shop in a bazaar)

   It affects your dexterity (+3).
   It protects you from negative energy.
   It enhances your eyesight.
   It makes you much more stealthy.
   It has a curse placed upon it.
Magical devices
 u - a wand of digging (7)
 G - a wand of cold (0)
 L - a wand of teleportation (4)
 P - a wand of hasting (6)
 Q - a wand of paralysis (10)
Scrolls
 b - 2 scrolls of identify
 i - 8 scrolls of magic mapping
 k - 6 scrolls of teleportation
 r - 2 scrolls of recharging
 v - 5 scrolls of fog
 x - 4 scrolls of immolation
 C - 3 scrolls of fear
 D - a scroll of silence
 F - 4 scrolls of remove curse
 I - 9 scrolls of summoning
 J - a scroll of curse armour
 W - a scroll of vulnerability
Jewellery
 a - an uncursed ring of protection from fire
 g - a cursed +4 ring of intelligence (left hand)
 n - a cursed +3 ring of evasion (right hand)
 s - a cursed amulet of resist mutation (around neck)
 Z - an uncursed ring of positive energy
Potions
 c - 3 potions of might
 e - 3 potions of brilliance
 f - 5 potions of restore abilities
 h - 6 potions of resistance
 m - 3 potions of cure mutation {!q}
 p - 5 potions of cancellation
 E - a potion of haste
 R - 3 potions of invisibility
Books
 t - a book of Enchantments

   Spells                             Type                      Level
   Tukima's Dance                     Hexes                        3
   Cause Fear                         Hexes                        4
   Silence                            Hexes/Air                    5
   Deflect Missiles                   Charms/Air                   6
   Haste                              Charms                       6
   *Discord                           Hexes                        8
 z - a book of Hinderance

   Spells                             Type                      Level
   Confusing Touch                    Hexes                        2
   *Confuse                           Hexes                        3
   Petrify                            Transmutation/Earth          4
   Leda's Liquefaction                Hexes/Earth                  4
   Metabolic Englaciation             Hexes/Ice                    5
   Summon Mana Viper                  Hexes/Summoning              5
 H - a Grand Grimoire {highlevel}

   This book is beyond your current level of understanding.

   Spells                             Type                      Level
   Aura of Abjuration                 Summoning                    6
   Forceful Dismissal                 Summoning                    6
   Summon Greater Demon               Summoning                    7
   Malign Gateway                     Summoning/Translocation      7
   Summon Horrible Things             Summoning                    8
 K - a book of Wizardry

   Spells                             Type                      Level
   Agony                              Necromancy                   5
   Force Lance                        Conjuration                  5
   *Dispersal                         Translocation                6
   Haste                              Charms                       6
   *Invisibility                      Hexes                        6
   Spellforged Servitor               Conjuration/Summoning        7
 T - a book of the Warp

   Spells                             Type                      Level
   Control Teleport                   Charms/Translocation         4
   Phase Shift                        Translocation                5
   Warp Weapon                        Charms/Translocation         5
   *Dispersal                         Translocation                6
   *Controlled Blink                  Translocation                7
   Disjunction                        Translocation                8


   Skills:
 - Level 4.4(8.7) Short Blades
 - Level 4.7 Armour
 - Level 2.1(5.5) Dodging
 + Level 22.2(25.6) Stealth
 - Level 10.9(13.7) Shields
 - Level 16.4 Spellcasting
 + Level 20.7(24.2) Hexes
 * Level 8.4(12.8) Translocations
 - Level 6.0(10.5) Transmutations
 - Level 1.0(3.5) Ice Magic


You couldn't memorise any spells.
You knew the following spells:

 Your Spells              Type           Power        Failure   Level  Hunger
a - Corona                Hex            #######      0%          1    None
b - Sure Blade            Hex/Chrm       ######....   1%          2    None
c - Confuse               Hex            #######.     0%          3    None
d - Ensorcelled Hibernat  Hex/Ice        ######       0%          2    None
e - Enslavement           Hex            #######.     0%          4    None
i - Invisibility          Hex            #######.     1%          6    ####...
p - Passwall              Trmt/Erth      #####.....   1%          3    None
q - Controlled Blink      Tloc           N/A          17%         7    ######.
x - Dispersal             Tloc           ######....   2%          6    ####...
z - Discord               Hex            #######...   1%          8    #######
S - Darkness              Hex            #######...   1%          7    ######.


Dungeon Overview and Level Annotations

Branches:
Dungeon (15/15)            Temple (1/1) D:4             Orc (0/4) D:10
   Lair (8/8) D:8           Swamp (5/5) Lair:3        Snake (5/5) Lair:6
  Slime (0/6) Lair:7       Vaults (0/5) D:13         Depths (0/5) D:15

Altars:
Ashenzari
Cheibriados
Dithmenos
Elyvilon
Fedhas
Gozag
Kikubaaqudgha
Makhleb
Nemelex Xobeh
Okawaru
Qazlal
Sif Muna
Trog
Vehumet
Xom
Yredelemnul
Zin
The Shining One
Jiyva

Shops:
D:9 }*(%   Snake:1 :   Snake:3 :   Snake:5 (

Annotations:
D:9 exclusion: ice statue


Innate Abilities, Weirdness & Mutations

You do not heal naturally.
You can bottle blood from corpses.
You have razor-sharp teeth.
You have supernaturally acute eyesight.
You can survive without breathing.


Message History

The shock serpent is moving more slowly.
The shock serpent closely misses Mygna's ghost.
Mygna's ghost hits the shock serpent!
You have turned to stone.
Your surroundings suddenly seem different.
A naga warrior comes into view. It is wielding a flail.
The naga warrior hits you with a spear!!
* * * LOW HITPOINT WARNING * * *
The naga warrior grabs you.
* * * LOW HITPOINT WARNING * * *
The naga warrior constricts you.
The naga warrior hits you with a spear!!
* * * LOW HITPOINT WARNING * * *
x2 The naga warrior constricts you.
The naga warrior hits you with a spear!
* * * LOW HITPOINT WARNING * * *
The naga warrior constricts you.
The lightning shocks something. x3
You feel a bit more experienced. The naga warrior hits you with a spear!
You die...

...........# ,* ....)........#
...........##.. ,........S.N....,
...........##(.##.........N.....
...........##..#......#..NN.....,
...........##.............#...N..
...........##......#....§...#....
...........##....)...#.........#{
..........## #(..(..##....⌠....##
.........## #..@..##..{.....#..#
.........# #...N.#.............
......#.## ##..S.#..#.....#....
......### #....#$.........N..
....#..#### ###..#.............
....##.#..## ###.............
...........#### ######.{{##..(##
............/.# #.....#.#.......
.......(......# #.......#.).....


You could see a naga warrior and a water moccasin (wandering).

Vanquished Creatures
  Asterion (Snake:3)
  A thorn hunter (Swamp:4)
  A fire giant (D:15)
  A greater naga (Snake:5)
  Maud (D:15)
  A minotaur (Lab)
  An ogre mage (D:11)
  10 naga warriors
  22 hydras
  Nessos (Swamp:1)
  4 centaur warriors
  9 anacondas
  A rakshasa (D:14)
  2 shambling mangroves
  11 alligators
  12 death yaks
  8 shock serpents
  7 naga sharpshooters
  Nergalle (Lair:6)
  2 ice devils (IceCv)
  4 iron golems (D:11)
  5 hill giants
  A deep elf knight (Volcano)
  2 salamander mystics
  An unseen horror (D:15)
  11 swamp dragons
  2 spriggan druids (Swamp:5)
  5 naga ritualists
  Erolcha (D:8)
  Pikel (D:5)
  A necromancer (D:13)
  A wolf spider zombie (D:13)
  2 griffons
  4 mana vipers
  9 ugly things
  A cyclops (D:13)
  A red wasp (shapeshifter) (D:15)
  6 orc knights
  2 red wasps
  4 elephants
  2 guardian serpents (Snake:4)
  Maurice (D:9)
  32 black mambas
  3 molten gargoyles
  19 salamanders
  A gargoyle (D:12)
  Psyche (D:13)
  A feature mimic (Lair:7)
  16 naga magi
  10 komodo dragons
  An efreet (D:14)
  4 deep elf priests (Volcano)
  4 fire drakes
  16 spiny frogs
  8 blue devils (IceCv)
  5 trolls
  Sonja (D:15)
  A polar bear (Lair:8)
  A polar bear (shapeshifter) (D:14)
  18 blink frogs
  3 two-headed ogres
  35 slime creatures
  6 bog bodies
  11 giant leeches
  A boulder beetle (Lair:7)
  2 griffon zombies
  13 baby alligators
  A basilisk (Lair:7)
  2 redbacks (Lair:6)
  3 ravens
  A wraith (D:15)
  2 wyverns
  2 vampires
  A golden eye (shapeshifter) (D:15)
  2 steam dragons
  2 deep elf magi
  A fire elemental (D:12)
  26 yaks
  11 hippogriffs
  A deep elf fighter (Volcano)
  11 wolves
  28 swamp worms
  26 water moccasins
  24 vampire mosquitoes
  Menkaure (D:5)
  28 nagas
  A tengu skeleton (D:11)
  16 orc warriors
  10 swamp drakes
  9 porcupines
  2 slaves (D:5)
  An ogre skeleton (D:14)
  2 mottled dragons
  3 yellow wasps
  6 ogres
  6 sky beasts
  A black bear (D:9)
  7 ice beasts
  A necrophage (D:9)
  2 boring beetles
  12 crocodiles
  A manticore zombie (D:13)
  10 centaurs
  5 phantoms
  3 big kobolds (D:9)
  27 giant frogs
  A fire crab zombie (D:15)
  A hill giant simulacrum (D:14)
  31 insubstantial wisps
  19 killer bees
  4 scorpions
  3 eyes of draining
  5 troll skeletons
  2 troll zombies (D:10)
  An electric eel (Lair:3)
  A lava snake (Volcano)
  A yellow wasp zombie (D:11)
  12 hounds
  3 crimson imps
  A two-headed ogre zombie (D:12)
  A gnoll shaman (D:6)
  11 orc priests
  2 centaur skeletons
  2 giant frog skeletons
  4 jellies
  15 orc wizards
  11 worker ants
  13 iguanas
  31 sheep
  2 big kobold zombies
  6 ogre zombies (D:10)
  A mummy (D:14)
  19 adders
  18 gnolls
  71 green rats
  An inept item mimic (D:10)
  11 white imps
  10 ufetubi (IceCv)
  3 worms
  An adder skeleton (D:5)
  4 giant geckos
  2 oozes
  81 orcs
  9 bats
  5 giant cockroaches
  19 goblins
  20 hobgoblins
  14 jackals
  13 kobolds
  12 quokkas
  A ball python (D:4)
  5 giant newts
  A goblin zombie (D:10)
  3 hobgoblin zombies (D:10)
  A kobold zombie (D:6)
  2 orc skeletons (D:10)
  8 orc zombies (D:10)
  A quokka skeleton (D:5)
  A quokka zombie (D:9)
  13 rats
  2 rat zombies
1210 creatures vanquished.

Vanquished Creatures (collateral kills)
  Norris (D:13)
  The ghost of Mygna the Earth Mage, a mighty DDEE of Makhleb (Snake:5)
  A greater naga (Snake:4)
  Donald (D:13)
  5 hydras (Swamp:5)
  3 naga warriors
  A centaur warrior (D:13)
  3 death yaks (Lair:8)
  8 naga sharpshooters
  4 naga ritualists
  5 mana vipers
  A hill giant (D:13)
  3 elephants (Lair:8)
  A guardian serpent (Snake:3)
  4 salamanders
  5 black mambas
  4 spiny frogs (Lair:8)
  17 naga magi
  2 baby alligators (Swamp:2)
  A giant leech (Lair:8)
  A shadow (D:13)
  Grum (D:12)
  4 vampire mosquitoes (Lair:8)
  14 humans (D:13)
  20 nagas
  4 water moccasins
  2 wolves (D:12)
  2 swamp drakes (Swamp:5)
  A black bear (D:13)
  An orc warrior (D:15)
  A centaur (D:15)
  2 giant frogs (Lair:8)
  2 electric eels (Lair:8)
  A crimson imp (D:13)
  An orc priest (D:15)
  An orc wizard (D:15)
  A mummy (D:13)
  2 gnolls
  An adder (Lair:8)
  7 white imps (Lair:5)
  3 orcs
  A quokka (D:12)
  3 goblin zombies (D:10)
  8 orc zombies (D:10)
155 creatures vanquished.

Vanquished Creatures (others)
  A naga warrior (Snake:5)
  A naga sharpshooter (Snake:5)
  A death yak (Lair:8)
  A cyclops (D:15)
  A guardian serpent (Snake:5)
  3 naga magi
  A torpor snail (Lair:7)
  A blink frog (Lair:8)
  A giant leech (Lair:8)
  2 humans (D:13)
  A hungry ghost (D:10)
  3 nagas
  An orc priest (D:10)
  An orc wizard (D:10)
  A white imp (IceCv)
  A giant gecko (D:5)
  3 orcs (D:10)
  A quokka (D:5)
  A butterfly (Volcano)
  4 fungi
  5 plants (Lair:8)
35 creatures vanquished.

Grand Total: 1400 creatures vanquished

Notes
Turn   | Place    | Note
--------------------------------------------------------------
     0 | D:1      | PolkaDot, the Vampire Enchanter, began the quest for the Orb.
     0 | D:1      | Reached XP level 1. HP: 13/13 MP: 3/3
   252 | D:1      | Reached XP level 2. HP: 19/19 MP: 4/4
   256 | D:1      | Learned a level 2 spell: Ensorcelled Hibernation
   695 | D:1      | Reached skill level 1 in Ice Magic
  1187 | D:2      | Reached skill level 5 in Hexes
  1190 | D:2      | Reached XP level 3. HP: 24/24 MP: 1/6
  1517 | D:2      | Reached skill level 5 in Stealth
  1867 | D:3      | Learned a level 3 spell: Confuse
  2153 | D:3      | Reached XP level 4. HP: 30/30 MP: 2/7
  2923 | D:4      | Reached skill level 6 in Hexes
  2937 | D:4      | Reached XP level 5. HP: 35/35 MP: 5/9
  3153 | D:4      | Reached skill level 7 in Hexes
  3306 | D:4      | Reached XP level 6. HP: 32/41 MP: 7/10
  3372 | D:4      | Noticed a phantom
  3456 | D:4      | Killed a phantom
  4275 | D:4      | Reached skill level 8 in Hexes
  4491 | D:4      | Found a staircase to the Ecumenical Temple.
  4493 | D:4      | Noticed an ogre
  4512 | D:4      | Killed an ogre
  4512 | D:4      | Reached XP level 7. HP: 33/46 MP: 2/12
  4528 | Temple   | Entered the Ecumenical Temple
  4705 | Temple   | Became a worshipper of Ashenzari the Shackled
  4878 | D:4      | Learned a level 4 spell: Enslavement
  5106 | D:5      | Entered Level 5 of the Dungeon
  5294 | D:5      | Noticed Menkaure
  5318 | D:5      | Killed Menkaure
  5318 | D:5      | Reached skill level 9 in Hexes
  5428 | D:5      | Noticed Pikel
  5475 | D:5      | Killed Pikel
  5475 | D:5      | Reached skill level 10 in Hexes
  5475 | D:5      | Reached XP level 8. HP: 52/52 MP: 8/16
  5522 | D:5      | Noticed a wyvern
  5527 | D:5      | Killed a wyvern
  5527 | D:5      | Reached skill level 11 in Hexes
  6395 | D:6      | Reached skill level 10 in Stealth
  6819 | D:6      | Reached XP level 9. HP: 53/57 MP: 16/20
  6827 | D:6      | Learned a level 6 spell: Invisibility
  6861 | D:6      | Reached skill level 5 in Spellcasting
  6869 | D:6      | Learned a level 2 spell: Sure Blade
  7221 | D:7      | Reached skill level 12 in Hexes
  8370 | D:8      | Acquired Ashenzari's first power
  8383 | D:8      | Noticed Erolcha
  8389 | D:8      | Learned a level 3 spell: Passwall
  8546 | D:8      | Killed Erolcha
  8725 | D:8      | Reached XP level 10. HP: 63/63 MP: 22/25
  9314 | D:8      | Found a staircase to the Lair.
  9318 | D:8      | Noticed a komodo dragon
  9358 | D:8      | Killed a komodo dragon
  9358 | D:8      | Reached skill level 1 in Transmutations
  9649 | D:8      | Learned a level 3 spell: Dazzling Spray
  9958 | Lair:1   | Entered Level 1 of the Lair of Beasts
 10004 | Lair:1   | Noticed an eight-headed hydra
 10139 | Lair:1   | Found a dark tunnel.
 10147 | Volcano  | Entered a volcano
 10192 | Volcano  | Found a burning altar of Makhleb.
 10192 | Volcano  | Noticed a deep elf knight
 10195 | Volcano  | Killed a deep elf knight
 10195 | Volcano  | Reached skill level 13 in Stealth
 10212 | Volcano  | Reached XP level 11. HP: 68/68 MP: 24/29
 10377 | Volcano  | Reached skill level 5 in Transmutations
 10504 | Lair:1   | Killed an eight-headed hydra
 10504 | Lair:1   | Reached skill level 1 in Armour
 10655 | Lair:1   | Noticed a five-headed hydra
 10683 | Lair:1   | Killed a five-headed hydra
 11004 | Lair:1   | Acquired Ashenzari's second power
 11009 | Lair:1   | Reached skill level 10 in Spellcasting
 11055 | Lair:1   | Reached skill level 14 in Stealth
 11859 | Lair:2   | Noticed a four-headed hydra
 11885 | Lair:2   | Killed a four-headed hydra
 12598 | Lair:3   | Found a staircase to the Swamp.
 12616 | Lair:3   | Reached XP level 12. HP: 74/74 MP: 21/31
 12626 | Lair:3   | Reached skill level 15 in Stealth
 12830 | Lair:3   | Learned a level 8 spell: Discord
 12988 | Lair:3   | Acquired Ashenzari's third power
 13512 | Lair:3   | Noticed a six-headed hydra
 13518 | Lair:3   | Killed a six-headed hydra
 14590 | Lair:5   | Noticed a five-headed hydra
 14594 | Lair:5   | Found a frozen archway.
 14635 | IceCv    | Entered an ice cave
 15136 | IceCv    | Reached skill level 16 in Stealth
 15500 | Lair:5   | Killed a five-headed hydra
 15661 | Lair:5   | Noticed a six-headed hydra
 15666 | Lair:5   | Killed a six-headed hydra
 16172 | Lair:5   | Acquired Ashenzari's fourth power
 16533 | Lair:6   | Found a staircase to the Snake Pit.
 16536 | Lair:6   | Reached XP level 13. HP: 79/79 MP: 24/33
 17145 | Lair:6   | Noticed Nergalle
 17163 | Lair:6   | Killed Nergalle
 17355 | Lair:7   | Reached skill level 15 in Hexes
 17392 | Lair:7   | Found a viscous altar of Jiyva.
 17393 | Lair:7   | Found a staircase to the Slime Pits.
 17423 | Lair:7   | Reached skill level 17 in Stealth
 17649 | Lair:7   | Found an opulent altar of Gozag.
 18360 | Lair:7   | Learned a level 7 spell: Darkness
 18573 | Lair:8   | Entered Level 8 of the Lair of Beasts
 18955 | Lair:8   | Identified a scroll of acquirement
 18976 | Lair:8   | Reached skill level 18 in Stealth
 18981 | Lair:8   | Reached XP level 14. HP: 81/85 MP: 14/35
 19128 | Lair:8   | Reached skill level 1 in Shields
 20127 | Lair:4   | Noticed a four-headed hydra
 20139 | Lair:4   | Killed a four-headed hydra
 20476 | D:9      | Found Stiuxt's Gadget Boutique.
 20479 | D:9      | Found Dacaiz Dotig's Antique Weapon Shoppe.
 20513 | D:9      | Bought a wand of hasting (6) for 840 gold pieces
 20544 | D:9      | Found Ehaluagh's Food Emporium.
 20570 | D:9      | Identified the +2 dagger "Grequama" {flame, Stlth+}
 21030 | D:9      | Noticed Maurice
 21035 | D:9      | Killed Maurice
 21096 | D:9      | Found Umopattu's General Store.
 21167 | D:10     | Entered Level 10 of the Dungeon
 21754 | D:10     | Found a staircase to the Orcish Mines.
 22607 | D:11     | Found a flagged portal.
 22631 | Bailey   | Entered a bailey
 22938 | Bailey   | Reached skill level 5 in Shields
 24033 | D:12     | Identified the +7 spear of Mudghos {flame, +Fly rElec rF-}
 24036 | D:12     | Noticed Grum
 24038 | D:12     | Found a gateway to a bazaar.
 24045 | Bazaar   | Entered a bazaar
 24045 | Bazaar   | Found Treamnoi's Distillery.
 24052 | Bazaar   | Found Broot's Jewellery Boutique.
 24080 | Bazaar   | Found Ygainwu's Antique Armour Emporium.
 24093 | Bazaar   | Found Efoucser's Antique Weapon Shop.
 24110 | Bazaar   | Found Ifuriry's General Store.
 24139 | Bazaar   | Bought a fine robe for 114 gold pieces
 24139 | Bazaar   | Identified the +1 robe of the Tick {rElec rC+ rN+ Int+3} (You bought it in a shop in a bazaar)
 24139 | Bazaar   | Bought a pair of twisted boots for 190 gold pieces
 24139 | Bazaar   | Identified the +0 pair of boots of Uneva {rN+ Dex+3 SInv Stlth++} (You bought it in a shop in a bazaar)
 24301 | D:12     | Killed Grum
 24726 | D:12     | Reached XP level 15. HP: 90/90 MP: 36/36
 25656 | D:13     | Found a gate to the Vaults.
 25656 | D:13     | Noticed Donald
 25656 | D:13     | Noticed Norris
 25675 | D:13     | Killed Norris
 25679 | D:13     | Killed Donald
 25679 | D:13     | Reached skill level 10 in Shields
 26393 | D:13     | Noticed Psyche
 26405 | D:13     | Killed Psyche
 27146 | D:14     | Found a labyrinth entrance.
 27154 | Lab      | Entered a labyrinth
 27261 | Lab      | Identified a +3 rod of clouds (4/10) (You took it off a minotaur in a labyrinth)
 27274 | Lab      | Identified the +2 pair of boots of Viypa {Stlth+} (You found it in a labyrinth)
 27348 | D:14     | Reached XP level 16. HP: 96/96 MP: 32/37
 28234 | D:15     | Entered Level 15 of the Dungeon
 28461 | D:15     | Noticed Maud
 28472 | D:15     | Killed Maud
 28644 | D:15     | Found a staircase to the Depths.
 28995 | D:15     | Noticed Sonja
 29012 | D:15     | Killed Sonja
 29392 | D:11     | Reached skill level 19 in Stealth
 29678 | Swamp:1  | Entered Level 1 of the Swamp
 30277 | Swamp:1  | Reached skill level 15 in Spellcasting
 30531 | Swamp:1  | Noticed Nessos
 30539 | Swamp:1  | Killed Nessos
 31979 | Swamp:3  | Learned a level 6 spell: Dispersal
 32377 | Swamp:3  | Reached skill level 1 in Translocations
 32684 | Swamp:4  | Reached skill level 20 in Stealth
 33451 | Swamp:4  | Reached XP level 17. HP: 85/101 MP: 38/38
 33746 | Swamp:5  | Entered Level 5 of the Swamp
 34348 | Swamp:5  | Reached skill level 5 in Translocations
 34379 | Swamp:5  | Got a decaying rune of Zot
 35432 | Snake:1  | Entered Level 1 of the Snake Pit
 35938 | Snake:1  | Found Keakis' Book Boutique.
 36573 | Snake:2  | Reached skill level 21 in Stealth
 37834 | Snake:3  | Found Theffacs' Book Shop.
 38014 | Snake:3  | Noticed Asterion
 38022 | Snake:3  | Killed Asterion
 38902 | Snake:3  | Bought a book of the Warp for 1170 gold pieces
 38940 | Snake:3  | HP: 4/101 [black mamba (12)]
 40211 | Snake:4  | Reached XP level 18. HP: 107/107 MP: 39/39
 40462 | Snake:4  | Learned a level 7 spell: Controlled Blink
 42491 | Snake:4  | Identified the +6 falchion "Shaareh" {venom, +Rage rF+ rC+ Stlth-}
 42902 | Snake:5  | Entered Level 5 of the Snake Pit
 42902 | Snake:5  | Identified the cursed +2 mace "Mirepoh" {flame, +Blink}
 42903 | Snake:5  | Found Emoom's Antique Weapon Emporium.
 43037 | Snake:5  | Reached skill level 22 in Stealth
 43453 | Snake:5  | Noticed Mygna's ghost (mighty DDEE)
 43686 | Snake:5  | Bought a jewelled dagger for 217 gold pieces
 43686 | Snake:5  | Identified the +6 dagger of the Stork {pain, Dex+4} (You bought it in a shop on level 5 of the Snake Pit)
 45067 | Snake:5  | HP: 5/107 [naga warrior/spear (5)]
 45068 | Snake:5  | Killed Mygna's ghost
 45069 | Snake:5  | Slain by a naga warrior

Action                   |  1- 3 |  4- 6 |  7- 9 | 10-12 | 13-15 | 16-18 || total
-------------------------+-------+-------+-------+-------+-------+-------++-------
Melee: Dagger            |    98 |   110 |   194 |   364 |   555 |   800 ||  2121
       Unarmed           |       |       |       |       |     1 |     1 ||     2
 Cast: Corona            |     5 |     1 |     4 |     9 |    10 |    15 ||    44
       Ensorcelled Hiber |    32 |    40 |    74 |    95 |   131 |   193 ||   565
       Confuse           |       |    10 |    14 |     3 |    29 |    85 ||   141
       Enslavement       |       |       |     3 |     6 |     4 |     8 ||    21
       Passwall          |       |       |    15 |    13 |    19 |    44 ||    91
       Invisibility      |       |       |     2 |    16 |    26 |    28 ||    72
       Sure Blade        |       |       |       |     7 |    11 |    49 ||    67
       Discord           |       |       |       |     1 |    12 |    31 ||    44
       Dazzling Spray    |       |       |       |       |     4 |       ||     4
       Darkness          |       |       |       |       |     3 |    11 ||    14
       Dispersal         |       |       |       |       |       |     5 ||     5
       Controlled Blink  |       |       |       |       |       |     4 ||     4
Invok: Scrying           |       |       |       |       |       |     2 ||     2
 Abil: End Transformatio |       |       |       |     1 |     1 |     2 ||     4
       Bat Form          |       |       |       |     1 |     1 |     2 ||     4
Evoke: Wand              |       |       |       |     1 |       |    23 ||    24
  Use: Scroll            |       |     9 |    14 |    10 |    27 |    11 ||    71
       Potion            |       |     3 |     3 |     2 |     8 |    22 ||    38
 Stab: Sleeping          |    35 |    29 |    71 |   188 |   272 |   272 ||   867
       Confused          |       |     4 |     9 |     4 |    18 |    46 ||    81
       Invisible         |       |     3 |     5 |    27 |    48 |    56 ||   139
       Betrayed ally     |       |       |     1 |     2 |       |     1 ||     4
       Distracted        |       |       |       |     2 |     6 |    14 ||    22
  Eat: Corpse            |       |       |       |       |       |     3 ||     3
